 Dungeon Crawl Stone Soup version 0.28.0-45-g0d030f2227 (webtiles) character file.

Game seed: 5847324365899213303

2022 Peloso the Carver (level 9, -2/75 HPs)
             Began as a Minotaur Fighter on Apr 9, 2022.
             Was a Believer of Okawaru.
             Succumbed to a water moccasin's poison
             ... on level 7 of the Dungeon.
             The game lasted 00:09:23 (7076 turns).

Peloso the Carver (Minotaur Fighter)                Turns: 7076, Time: 00:09:24

Health: -2/75      AC:  8    Str: 23    XL:     9   Next: 3%
Magic:  6/8        EV: 11    Int:  5    God:    Okawaru [**....]
Gold:   289        SH: 11    Dex: 12    Spells: 8/8 levels left

rFire   . . .      SeeInvis .   a - +0 long sword
rCold   . . .      Faith    .   c - +0 buckler
rNeg    . . .      Spirit   .   o - +0 chain mail
rPois   .          Reflect  +   (helmet restricted)
rElec   .          Harm     .   (no cloak)
rCorr   .          Rampage  .   (no gloves)
Will    .....                   (no boots)
Stlth   ..........              y - amulet of reflection
HPRegen 0.22/turn               (no ring)
MPRegen 0.11/turn               (no ring)

@: lethally poisoned (-2 -> -42), heroic, corroded
A: horns 2, retaliatory headbutt
a: Renounce Religion, Heroism


You were on level 7 of the Dungeon.
You worshipped Okawaru.
Okawaru was pleased with you.
You visited 2 branches of the dungeon, and saw 8 of its levels.
You also visited: Ossuary.

You collected 289 gold pieces.

Inventory:

Hand Weapons
 a - a +0 long sword (weapon)
 b - the +9 spear of Dawn {freeze, Int+3}
   (You found it on level 6 of the Dungeon)

   It freezes those it strikes, dealing additional cold damage.
   It can also slow down cold-blooded creatures.
   Int:       It affects your intelligence (+3).
Armour
 c - a +0 buckler (worn)
 o - a +0 chain mail (worn)
Jewellery
 g - a ring of wizardry
 k - a ring of ice
 x - an amulet of magic regeneration
 y - an amulet of reflection (around neck)
Wands
 q - a wand of iceblast (10)
Scrolls
 e - 2 scrolls of enchant weapon {unknown}
 f - 2 scrolls of teleportation {unknown}
 h - 2 scrolls of vulnerability {unknown}
 m - a scroll of fear {unknown}
 u - 2 scrolls of magic mapping {unknown}
 v - a scroll of enchant armour {unknown}
 w - a scroll of torment {unknown}
 z - a scroll of silence {unknown}
Potions
 d - 6 potions of might
 j - 2 potions of flight
 l - 3 potions of attraction
 n - 2 potions of haste
 p - 2 potions of cancellation
 r - 2 potions of magic
 s - a potion of curing {unknown}
 t - 2 potions of heal wounds
 A - a potion of lignification {unknown}
 B - a potion of mutation {unknown}


   Skills:
 + Level 6.2(11.2) Fighting
 + Level 9.8(14.8) Long Blades
 + Level 8.1(13.1) Armour
 + Level 2.2(7.2) Dodging
 + Level 0.6(5.6) Stealth
 + Level 5.8(10.8) Shields
 + Level 0.4 Invocations


You had 8 spell levels left.
You didn't know any spells.
Your spell library contained the following spells:

 Spells                   Type           Power      Damage    Failure   Level
 Conjure Flame            Conj/Fire      0%         6-21      100%        3
 Ignite Poison            Fire/Tmut/Pois 0%         N/A       100%        3
 Sticky Flame             Conj/Fire      0%         2d3       100%        4
 Malign Gateway           Summ/Tloc      Unusable   N/A       N/A         7
 Summon Horrible Things   Summ           Unusable   N/A       N/A         8

Dungeon Overview and Level Annotations

Branches:
Dungeon (7/15)             Temple (1/1) D:4         Ossuary (visited)

Altars:
Ashenzari
Cheibriados
Dithmenos
Elyvilon
Gozag
Nemelex Xobeh
Okawaru
Ru
Uskayaw
Vehumet
Xom
Yredelemnul
Zin

Shops:
D:2 [


Innate Abilities, Weirdness & Mutations

You have a pair of horns on your head.
You reflexively headbutt those who attack you in melee.


Message History

You slash the jelly!
Your hands burn!
The jelly is almost dead.
You feel very sick.
The water moccasin bites you but does no damage.
The jelly barely misses you.
You hit the jelly but do no damage.
Your hands burn!
The jelly is almost dead.
You feel very sick. The water moccasin bites you.
You are more poisoned.
The water moccasin poisons you! The jelly hits you but does no damage.
You block the water moccasin's attack.
You hit the jelly.
You kill the jelly!
Okawaru accepts your kill.
You feel very sick. You block the water moccasin's attack.
Unknown command.
You feel very sick. The water moccasin bites you.
You are lethally poisoned!
The water moccasin poisons you!
You barely miss the water moccasin.
Your headbutt misses the water moccasin.
The water moccasin is moderately wounded.
* * * LOW HITPOINT WARNING * * *
You feel extremely sick.
The water moccasin completely misses you.
You furiously retaliate!
You headbutt the water moccasin! You slash the water moccasin!
Your headbutt misses the water moccasin.
The water moccasin is severely wounded.
* * * LOW HITPOINT WARNING * * *
You feel extremely sick. The water moccasin bites you.
* * * LOW HITPOINT WARNING * * *
You are more poisoned.
The water moccasin poisons you!
You gain the combat prowess of a mighty hero.
You die...

###### #....#
#....# #....+
#....# #
#....##..#
#@......#
#S.####.#
#..#.S.
#..#.#####
#........#
#.##<....#
..........#.#
###.#.......#
..#.###.###


You could see a water moccasin.

Vanquished Creatures
  Menkaure (D:5)
  Edmund (D:5)
  A water moccasin (D:6)
  A hornet zombie (D:6)
  A sky beast (D:6)
  An orc warrior (D:5)
  An ice beast (D:6)
  2 ogres
  3 centaurs
  A bullfrog (D:5)
  A scorpion (D:4)
  3 water moccasin zombies
  A bullfrog zombie (D:6)
  3 hounds
  2 jellies
  An orc priest (D:6)
  A centaur skeleton (D:4)
  A gnoll shaman (D:5)
  A bullfrog skeleton (D:6)
  An orc wizard (D:6)
  2 hound skeletons (D:4)
  2 mummies (Ossuary)
  5 gnolls
  3 adders
  A shadow imp (D:5)
  2 white imps (D:6)
  4 adder zombies (Ossuary)
  3 worms
  3 dart slugs
  14 orcs
  10 endoplasms
  4 giant cockroaches
  6 goblins
  4 hobgoblins
  5 quokkas
  9 ball pythons
  4 bats
  4 frilled lizards
  6 gnoll zombies (Ossuary)
  6 hobgoblin zombies (Ossuary)
  9 kobolds
  4 kobold zombies (Ossuary)
  4 orc zombies (Ossuary)
  A quokka skeleton (D:2)
  7 rats
150 creatures vanquished.

Vanquished Creatures (others)
  A plant (Temple)
1 creature vanquished.

Grand Total: 151 creatures vanquished

Notes
Turn   | Place    | Note
-------+----------+-------------------------------------------
     0 | D:1      | Peloso the Minotaur Fighter began the quest for the Orb.
     0 | D:1      | Reached XP level 1. HP: 19/19 MP: 0/0
   197 | D:1      | Found a faded altar of an unknown god.
   213 | D:1      | Reached XP level 2. HP: 27/27 MP: 1/1
   988 | D:2      | Found Buomev's Antique Armour Emporium.
  1012 | D:2      | Reached XP level 3. HP: 26/33 MP: 2/2
  1367 | D:2      | Reached skill level 1 in Dodging
  1394 | D:2      | Reached skill level 3 in Long Blades
  1744 | D:3      | Reached XP level 4. HP: 39/40 MP: 3/3
  2265 | D:3      | Found a white marble altar of Elyvilon.
  2327 | D:3      | Found a basalt altar of Yredelemnul.
  2486 | D:4      | Noticed a scorpion
  2494 | D:4      | Killed a scorpion
  2495 | D:4      | Reached skill level 4 in Long Blades
  2495 | D:4      | Reached XP level 5. HP: 28/46 MP: 4/4
  2501 | D:4      | Noticed an ogre
  2512 | D:4      | Reached skill level 5 in Armour
  2514 | D:4      | Killed an ogre
  2515 | D:4      | Reached skill level 5 in Long Blades
  2515 | D:4      | Reached XP level 6. HP: 18/52 MP: 5/5
  2747 | D:4      | Found a sand-covered staircase.
  2752 | Ossuary  | Entered an ossuary
  3104 | D:4      | Found a staircase to the Ecumenical Temple.
  3113 | Temple   | Entered the Ecumenical Temple
  3144 | Temple   | Became a worshipper of Warmaster Okawaru
  3226 | D:4      | Reached skill level 6 in Long Blades
  3337 | D:4      | Found an opulent altar of Gozag.
  3337 | D:4      | Found a glowing silver altar of Zin.
  4000 | D:5      | Entered Level 5 of the Dungeon
  4013 | D:5      | Noticed Menkaure
  4021 | D:5      | Killed Menkaure
  4022 | D:5      | Reached XP level 7. HP: 33/60 MP: 6/6
  4244 | D:5      | Reached skill level 7 in Long Blades
  4266 | D:5      | Reached * piety under Okawaru
  4443 | D:5      | Reached skill level 5 in Fighting
  4565 | D:5      | Found a radiant altar of Vehumet.
  4645 | D:5      | Reached skill level 8 in Long Blades
  4645 | D:5      | Reached skill level 5 in Shields
  4645 | D:5      | Reached XP level 8. HP: 61/68 MP: 7/7
  4796 | D:5      | Noticed Edmund
  4813 | D:5      | Killed Edmund
  5070 | D:6      | Identified the +9 spear of Dawn {freeze, Int+3}
  5248 | D:6      | Identified the +3 quarterstaff "Dalorph" {flame, *Noise rC+
                  | Dex+4}
  5639 | D:6      | Reached skill level 9 in Long Blades
  5665 | D:6      | Reached ** piety under Okawaru
  6475 | D:6      | Found a sacrificial altar of Ru.
  6696 | D:6      | Reached XP level 9. HP: 53/75 MP: 8/8
  7076 | D:7      | Succumbed to a water moccasin's poison

Illustrated notes

Levels and vault maps discovered:
D:1:      amcnicky_arrival_underground_garden, layout_basic,
          ebering_ecumenical_altar_sacrificial
D:2:      layout_rooms, serial_shops, shop
D:3:      layout_rooms, kennysheep_ying_yang
D:4:      layout_basic, grunt_temple_overflow_gold_and_silver,
          minmay_temple_entry_wispy, enter_ossuary_2, minmay_quadrilaterals
D:5:      kennysheep_big_flooded_room, layout_rooms, vehumet_crystals,
          uniq_edmund, uniq_menkaure
D:6:      layout_layer_cave, old_standard_altar
D:7:      nzn_winding_woodlands_cross [nzn_winding_woodlands_5x15_eye,
          nzn_winding_woodlands_5x15_sawtooth,
          nzn_winding_woodlands_5x15_pathside_ponds,
          nzn_winding_woodlands_5x15_garden,
          nzn_winding_woodlands_15x15_thick_spiral], layout_basic, uniq_pikel
Temple:   cyrus_temple_forest

Skill      XL: |  1  2  3  4  5  6  7  8 |
---------------+-------------------------+-----
Shields        | 4 5 |  5.8
Armour         | 4 5 6 8 |  8.1
Dodging        | 1 2 |  2.2
Long Blades    | 3 4 5 6 8 9 |  9.8
Fighting       | 4 5 6 |  6.2
Stealth        | |  0.6
Invocations    | |  0.4

Action                   |  1- 3 |  4- 6 |  7- 9 || total
-------------------------+-------+-------+-------++-------
Melee: Long sword        |    91 |   170 |   167 ||   428
       Headbutt          |    13 |    34 |    39 ||    86
Invok: Heroism           |       |       |     5 ||     5
  Use: Potion            |       |     2 |       ||     2
       Scroll            |       |       |     5 ||     5
Armor: Scale mail        |    45 |    14 |       ||    59
       Chain mail        |       |    65 |    79 ||   144
Dodge: Dodged            |    40 |    61 |    47 ||   148
Block: Buckler           |    17 |    37 |    82 ||   136
       Reflection        |       |       |     6 ||     6
